 Dungeon Crawl Stone Soup version 0.25-a0-834-g55863b0b92 (webtiles) character file.

Game seed: 4380894561553836906, levelgen mode: deterministic

123 Esekla the Magician (level 5, -1/28 HPs)
             Began as a Tengu Venom Mage on Apr 23, 2020.
             Slain by Natasha (9 damage)
             ... on level 2 of the Dungeon.
             The game lasted 00:12:31 (1720 turns).

Esekla the Magician (Tengu Venom Mage)              Turns: 1720, Time: 00:12:31

Health: -1/28      AC:  3    Str:  8    XL:     5   Next: 7%
Magic:  0/11       EV: 13    Int: 17    God:
Gold:   127        SH:  0    Dex: 14    Spells: 5/11 levels left

rFire    . . .     SeeInvis .   b - +0 dagger
rCold    . . .     Gourm    .   (no shield)
rNeg     . . .     Faith    .   a - +0 robe
rPois    .         Spirit   .   (helmet restricted)
rElec    .         Reflect  .   (no cloak)
rCorr    .         Harm     .   p - +0 pair of gloves
MR       .....                  (boots unavailable)
Stlth    ++........             (no amulet)
HPRegen  0.09/turn              (no ring)
MPRegen  0.12/turn              (no ring)

@: no status effects
A: beak, talons 3, able to fly
a: Fly


You were on level 2 of the Dungeon.
You were hungry.

You visited 1 branch of the dungeon, and saw 2 of its levels.

You collected 127 gold pieces.

Inventory:

Hand Weapons
 b - a +0 dagger (weapon)
Armour
 a - a +0 robe (worn)
 p - a +0 pair of gloves (worn)
Scrolls
 d - a scroll of enchant weapon {unknown}
 e - 3 scrolls of remove curse {unknown}
 g - a scroll of fear {unknown}
 j - a scroll of enchant armour {unknown}
 l - a scroll of identify {unknown}
Potions
 f - a potion of degeneration {unknown}
 h - a potion of brilliance {unknown}
 i - a potion of lignification {unknown}
 k - a potion of stabbing {unknown}
 m - 2 potions of heal wounds {unknown}
 n - a potion of mutation {unknown}
 o - a potion of curing {unknown}
Comestibles
 c - 2 rations


   Skills:
 + Level 0.1 Fighting
 + Level 0.3 Short Blades
 * Level 1.9 Armour
 + Level 2.8 Dodging
 - Level 2.0 Stealth
 * Level 3.5 Spellcasting
 - Level 0.7 Transmutations
 * Level 2.0 Air Magic
 - Level 3.0 Poison Magic


You had 5 spell levels left.
You knew the following spells:

 Your Spells              Type           Power        Failure   Level  Hunger
a - Sting                 Tmut/Pois      #...         8%          1    None
c - Mephitic Cloud        Conj/Pois/Air  #.......     24%         3    ###....
v - Poisonous Vapours     Pois/Air       ##....       9%          2    ##.....

Your spell library contained the following spells:

 Spells                   Type           Power        Failure   Level  Hunger
 Ignite Poison            Fire/Tmut/Pois #.......     30%         3    ###....
 Olgreb's Toxic Radiance  Pois           ##......     43%         4    ####...


Dungeon Overview and Level Annotations

Branches:
Dungeon (2/15)

Altars:
Nemelex Xobeh

Annotations:
D:2 Natasha


Innate Abilities, Weirdness & Mutations

You have a beak for a mouth.
You have claws for feet.
You can fly continuously.


Message History

Natasha is lightly wounded.
Natasha mumbles some strange words.
Casting: Poisonous Vapours (safe; 9% risk of failure)
Confirm with . or Enter, or press ? or * to list all spells.
Aiming: Poisonous Vapours (safe; 9% risk of failure)
Press: ? - help, Dir - move target cursor, f - Natasha
Aim: Natasha (lightly wounded) Poisonous vapours surround Natasha!
Natasha is engulfed in poison gas.
Natasha is poisoned.
Natasha claws you.
The crimson imp blinks!
You hit Natasha but do no damage.
Natasha is moderately wounded.
Natasha barely misses you.
The crimson imp blinks!
You hit Natasha but do no damage. Your kick misses Natasha.
Natasha is moderately wounded.
Natasha closely misses you. The crimson imp hits you.
* * * LOW HITPOINT WARNING * * *
You closely miss Natasha.
Natasha is moderately wounded.
Natasha claws you!
You die...

#.........# #.........#
##.........# #..........#
######..........#
#..............##
#...............#
#.............5.##
#..............@.##
####.#.........h..######
#...................#####
##.#...........#.....>....
#.#................###..####
#l##..###...#...#...........
#.###..##.#(.##.........####
#..#⌠.⌠....†.#..............
##..._.........#.........#..


You could see Natasha and a crimson imp.

Vanquished Creatures
  Terence (D:1)
  Natasha (D:2)
  2 adders
  A worm (D:2)
  3 dart slugs
  2 leopard geckos
  2 giant cockroaches (D:1)
  3 jackals (D:1)
  4 kobolds
  4 ball pythons
  7 bats
  A frilled lizard (D:2)
  10 goblins
  6 rats
47 creatures vanquished.

Notes
Turn   | Place    | Note
-------+----------+-------------------------------------------
     0 | D:1      | Esekla the Tengu Venom Mage began the quest for the Orb.
     0 | D:1      | Reached XP level 1. HP: 10/10 MP: 4/4
   155 | D:1      | Reached XP level 2. HP: 15/15 MP: 3/6
   163 | D:1      | Learned a level 2 spell: Poisonous Vapours
   282 | D:1      | Reached skill level 1 in Armour
   621 | D:2      | Noticed Terence
   622 | D:2      | Reached XP level 3. HP: 19/19 MP: 0/8
   629 | D:1      | Learned a level 3 spell: Mephitic Cloud
  1256 | D:1      | Killed Terence
  1256 | D:1      | Reached skill level 1 in Air Magic
  1256 | D:1      | Reached XP level 4. HP: 3/24 MP: 2/10
  1617 | D:2      | Found a sparkling altar of Nemelex Xobeh.
  1661 | D:2      | Noticed Natasha
  1670 | D:2      | Killed Natasha
  1670 | D:2      | Gained mutation: You can fly continuously. [Tengu growth]
  1670 | D:2      | Reached XP level 5. HP: 19/28 MP: 2/11
  1704 | D:2      | Noticed Natasha
  1720 | D:2      | Slain by Natasha

Levels and vault maps discovered:
D:1:      heliophobic_arrival_ceremonial_halls, layout_loops_cross
D:2:      layout_rooms, first_ration, nemelex_xobeh_ov_fountains_minmay,
          uniq_terence, uniq_natasha

Skill      XL: |  1  2  3  4 |
---------------+-------------+-----
Armour         | 1 |  1.9
Spellcasting   | 3 |  3.5
Air Magic      | 1 2 |  2.0
Fighting       | |  0.1
Short Blades   | |  0.3
Dodging        | |  2.8
Stealth        | |  2.0
Transmutations | |  0.7
Poison Magic   | |  3.0

Action                   |  1- 3 |  4- 6 || total
-------------------------+-------+-------++-------
Melee: Dagger            |    34 |    32 ||    66
       Kick              |     8 |     4 ||    12
       Peck              |     3 |     4 ||     7
 Cast: Sting             |     7 |       ||     7
       Poisonous Vapours |    22 |    12 ||    34
       Mephitic Cloud    |       |     1 ||     1
 Stab: Sleeping          |     4 |       ||     4
  Eat: Chunk             |     2 |     2 ||     4
Armor: Robe              |    16 |     2 ||    18
Dodge: Dodged            |    31 |    19 ||    50

Table legend:
 A = Non-vault XP
 B = Vault XP
 C = Vault XP percentage of total XP
 D = Non-vault monster count
 E = Vault monster count
 F = Vault count percentage of total count
                 A         B        C        D         E       F
            +---------+---------+-------+---------+---------+-------
      Total |     105 |      71 |  40.3 |      45 |       2 |   4.3
            +---------+---------+-------+---------+---------+-------
        D:1 |      62 |      36 |  36.7 |      29 |       1 |   3.3
        D:2 |      43 |      35 |  44.9 |      16 |       1 |   5.9
            +---------+---------+-------+---------+---------+-------
